Map: Prion Terraces

Players

IIIIIIII - Winner!

  • Race: Terran Terran
  • League: Master

Miszu

  • Race: Terran Terran
  • League: Grandmaster

VOD

Have the link to the VOD?

Description

Time

  • Played on: Feb. 22, 2016, 7:40 a.m.
  • Length: 4:07
Show
View Real Time Build Order
Export as new Build Order

IIIIIIII Terran - Winner!

Build Orders:  

Get SALT Encoding   

  12  0:00  SCV  
  13  0:12  SCV  
  14  0:17  Supply Depot  
  14  0:24  SCV  
  15  0:39  SCV  
  15  0:41  Barracks  
  16  0:43  Refinery  
  16  0:51  SCV  
  17  0:59  Barracks  
  17  1:03  SCV  
  18  1:15  SCV  
  19  1:28  Orbital Command  
  19  1:29  Refinery, Reaper  
  20  1:45  Supply Depot  
  20  1:47  Reaper  
  21  1:53  SCV  
  22  2:01  Reaper  
  22  2:06  SCV  
  24  2:18  SCV  
  24  2:19  Factory  
  25  2:30  SCV  
  26  2:39  Command Center  
  26  2:40  Barracks Reactor  
  26  2:43  SCV  
  27  2:47  Supply Depot  
  27  2:48  Marine  
  27  3:07  Factory Tech Lab  
  27  3:09  Marine  
  27  3:12  SCV  
  29  3:18  Marine x2  
  31  3:20  Starport  
  31  3:29  Marine  
  31  3:31  Cyclone  
  34  3:44  SCV  
  34  3:45  Marine x2  
  36  3:57  Engineering Bay  
Show
View Real Time Build Order
Export as new Build Order

Miszu Terran 

Build Orders: Liberator Opening 

Get SALT Encoding   

  12  0:01  SCV  
  13  0:13  SCV  
  14  0:18  Refinery  
  14  0:26  SCV  
  15  0:29  Supply Depot  
  15  0:50  SCV  
  15  0:51  Barracks  
  16  1:02  SCV  
  17  1:15  SCV  
  18  1:28  SCV  
  19  1:39  Factory, Reaper  
  20  1:40  Orbital Command  
  20  1:44  Supply Depot  
  20  1:46  Refinery  
  20  2:06  SCV  
  21  2:09  Supply Depot  
  21  2:11  Reaper  
  22  2:18  SCV  
  23  2:30  Hellion, SCV  
  23  2:31  Starport  
  26  2:37  Supply Depot  
  26  2:42  SCV  
  26  2:43  Reaper  
  28  2:51  Hellion  
  28  2:52  Liberator  
  28  2:55  SCV  
  31  3:07  SCV  
  31  3:11  Supply Depot  
  35  3:13  Hellion  
  35  3:15  Reaper  
  38  3:50  SCV  
  37  3:58  Command Center  
Tags
 
Add a new tag
Caveats
  • Supply blocks, unpowered buildings, or Contaminate may cause inaccurate times.
  • Supply counts are checked every 10 seconds.